Map: Jagannatha LE

Players

Ranger

  • Race: Protoss Protoss
  • Spawn Location: 1:00

Oreo - Winner!

  • Race: Zerg Zerg
  • Spawn Location: 7:00

Event: DreamHack SC2 Masters 2020 Winter

VOD

Have the link to the VOD?

Description

Time

  • Played on: Oct. 10, 2020, 10:45 p.m.
  • Length: 14:17

All games in this series

Show
View Real Time Build Order
Export as new Build Order

Ranger Protoss 

Build Orders: Zealot Archon, Dark Templar Rush 

Get SALT Encoding   

  12  0:00  Probe  
  13  0:12  Probe  
  14  0:20  Pylon  
  14  0:26  Probe  
  15  0:38  Gateway  
  15  0:39  Probe (Chrono Boost)  
  16  0:48  Probe (Chrono Boost)  
  16  0:49  Assimilator  
  17  0:53  Probe (Chrono Boost)  
  18  1:05  Probe  
  19  1:30  Cybernetics Core, Gateway  
  19  1:31  Zealot  
  21  1:33  Pylon  
  21  1:35  Probe  
  21  1:38  Assimilator  
  22  2:03  Nexus  
  22  2:10  Stalker (Chrono Boost)  
  24  2:16  Probe  
  24  2:20  Warp Gate  
  25  2:25  Adept  
  27  2:30  Probe  
  28  2:43  Shield Battery  
  28  2:45  Probe (Chrono Boost)  
  28  2:56  Twilight Council  
  28  3:00  Probe (Chrono Boost)  
  29  3:06  Probe  
  30  3:15  Probe (Chrono Boost)  
  30  3:18  Probe (Chrono Boost)  
  32  3:26  Probe (Chrono Boost)  
  32  3:27  Adept, Probe (Chrono Boost)  
  36  3:31  Probe (Chrono Boost)  
  37  3:35  Robotics Facility  
  37  3:40  Probe  
  36  3:41  Probe  
  37  3:52  Probe  
  38  3:56  Dark Shrine  
  38  3:57  Gateway, Probe  
  39  4:04  Probe  
  39  4:06  Gateway  
  40  4:12  Probe  
  40  4:14  Sentry  
  40  4:16  Assimilator  
  43  4:19  Assimilator  
  43  4:22  Warp Prism (Chrono Boost)  
  44  4:27  Probe  
  46  4:36  Pylon  
  46  4:42  Pylon  
  46  4:54  Probe x2  
  46  4:56  Pylon  
  46  4:57  Warp Prism (Chrono Boost)  
  48  5:06  Probe  
  52  5:14  Dark Templar x2  
  52  5:17  Dark Templar  
  52  5:18  Dark Templar  
  52  5:20  Probe (Chrono Boost)  
  61  5:25  Probe (Chrono Boost)  
  61  5:30  Probe (Chrono Boost)  
  61  5:34  Shield Battery, Probe (Chrono Boost)  
  63  5:59  Nexus  
  63  6:00  Dark Templar x3  
  69  6:04  Pylon  
  69  6:24  Immortal (Chrono Boost)  
  73  6:36  Charge, Phoenix  
  73  6:41  Gateway  
  73  6:42  Gateway  
  73  6:48  Forge  
  73  6:51  Gateway  
  73  6:52  Dark Templar  
  73  6:53  Zealot  
  77  6:55  Shield Battery  
  77  6:58  Pylon  
  77  7:00  Pylon  
  77  7:09  Archon  
  77  7:10  Archon, Immortal (Chrono Boost)  
  81  7:16  Probe x2  
  81  7:18  Probe  
  81  7:22  Sentry  
  86  7:23  Sentry x2  
  86  7:25  Protoss Ground Weapons Level 1 (Chrono Boost), Sentry  
  86  7:27  Archon  
  86  7:28  Probe x2 (Chrono Boost)  
  86  7:29  Archon  
  94  7:30  Probe (Chrono Boost)  
  95  7:38  Dark Templar  
  95  7:40  Zealot, Probe x2 (Chrono Boost)  
  95  7:41  Probe (Chrono Boost)  
  102  7:45  Probe (Chrono Boost)  
  102  7:49  Zealot x2  
  102  7:50  Zealot  
  109  8:00  Pylon  
  109  8:02  Pylon  
  109  8:04  Pylon  
  109  8:18  Probe x3  
  102  8:30  Probe x3  
  102  8:33  Zealot x7  
  111  8:39  Zealot  
  111  8:40  Zealot x5  
  97  8:43  Warp Prism (Chrono Boost)  
  97  8:44  Probe  
  97  8:45  Probe x2  
  98  8:55  Templar Archives  
  96  8:57  Probe  
  96  9:00  Assimilator  
  96  9:02  Assimilator  
  97  9:04  Sentry x3  
  97  9:05  Zealot x3  
  97  9:08  Stalker  
  111  9:12  Nexus, Observer  
  112  9:27  Pylon  
  112  9:29  Blink  
  112  9:31  Protoss Ground Weapons Level 2 (Chrono Boost)  
  112  9:33  High Templar, Immortal  
  112  9:34  High Templar, Zealot x4  
  112  9:38  Archon  
  128  9:40  Gateway  
  128  9:50  Probe  
  128  9:51  Probe x2  
  131  9:58  High Templar x2, Zealot  
  131  9:59  Zealot  
  135  10:04  Archon  
  129  10:15  Immortal (Chrono Boost)  
  123  10:30  Stalker x6  
  133  10:41  Zealot  
  131  10:49  Robotics Facility  
  129  10:51  Immortal (Chrono Boost)  
  129  10:52  Photon Cannon  
  129  10:55  Zealot x6  
  113  11:08  Zealot  
  105  11:19  Zealot x5  
  105  11:20  Zealot  
  113  11:27  Immortal (Chrono Boost)  
  113  11:31  Dark Templar  
  103  11:34  Gateway, Probe  
  103  11:36  Gateway  
  103  11:38  Immortal (Chrono Boost)  
  104  11:43  Dark Templar x2  
  104  11:46  Probe  
  113  11:51  Zealot x3  
  113  11:52  Dark Templar  
  121  11:56  Probe  
  121  11:57  Probe x2  
  121  11:58  Probe  
  125  12:06  Zealot  
  115  12:08  Immortal  
  115  12:09  Probe  
  115  12:10  Probe  
  115  12:15  Zealot x5  
  90  12:23  Probe  
  90  12:25  Zealot  
  90  12:29  Zealot  
  91  12:33  Immortal (Chrono Boost)  
  91  12:35  Zealot  
  91  12:36  Zealot x4  
  85  12:49  Dark Templar x2  
  74  12:57  Cybernetics Core, Zealot x4  
  72  13:01  Pylon  
  66  13:17  Zealot  
  66  13:18  Zealot  
  58  13:23  Dark Templar  
  58  13:24  Dark Templar x4  
  66  13:27  Zealot  
  66  13:30  Archon x2  
  59  13:40  Immortal (Chrono Boost)  
  51  13:41  Zealot x2  
  51  13:46  Archon  
  51  13:47  Zealot  
  41  13:56  Zealot x4  
  43  14:04  Dark Templar x2  
Show
View Real Time Build Order
Export as new Build Order

Oreo Zerg - Winner!

Build Orders: Pool First 

Get SALT Encoding   

  12  0:00  Drone  
  13  0:12  Overlord  
  13  0:17  Drone  
  14  0:30  Drone x2  
  14  0:34  Extractor  
  15  0:42  Spawning Pool  
  15  0:46  Drone  
  15  0:50  Drone  
  15  0:56  Drone  
  17  1:21  Hatchery  
  16  1:29  Zergling x4  
  16  1:32  Zergling x2  
  19  1:43  Queen  
  21  1:50  Metabolic Boost  
  21  1:58  Overlord  
  21  2:05  Drone  
  22  2:18  Drone x2  
  24  2:23  Queen  
  24  2:25  Drone  
  27  2:33  Drone  
  28  2:38  Drone  
  29  2:44  Drone  
  29  2:51  Drone  
  31  3:02  Overlord  
  31  3:03  Drone  
  31  3:05  Hatchery  
  31  3:08  Drone x2  
  31  3:10  Zergling x2  
  34  3:14  Drone  
  35  3:23  Overlord  
  35  3:26  Drone x3  
  39  3:27  Drone  
  39  3:29  Drone  
  39  3:33  Drone x2  
  42  3:38  Overlord  
  41  3:43  Drone x3  
  44  3:54  Lair  
  44  3:58  Drone x2  
  44  4:02  Overlord  
  46  4:04  Drone x3  
  46  4:07  Spore Crawler x2  
  48  4:10  Drone  
  48  4:12  Queen  
  50  4:19  Overlord  
  50  4:21  Queen  
  52  4:26  Spore Crawler  
  52  4:28  Overlord  
  52  4:30  Drone x2  
  53  4:32  Drone  
  53  4:34  Drone  
  55  4:39  Drone x3  
  55  4:43  Extractor  
  55  4:44  Roach Warren  
  55  4:45  Extractor  
  55  4:49  Zergling x8  
  55  4:52  Zergling x4  
  61  4:56  Overseer  
  61  4:58  Zergling x4  
  63  5:01  Zergling x6  
  66  5:11  Drone x4  
  66  5:14  Drone  
  71  5:16  Drone  
  71  5:20  Evolution Chamber  
  71  5:21  Drone x2  
  71  5:25  Overlord  
  75  5:28  Roach x3  
  75  5:33  Overseer  
  78  5:37  Roach  
  80  5:46  Roach x4  
  88  5:54  Hatchery  
  79  6:21  Overseer  
  79  6:23  Drone x8  
  83  6:29  Overlord  
  80  6:46  Hatchery  
  79  6:52  Hatchery, Zergling x10  
  84  6:58  Queen  
  84  6:59  Glial Reconstitution  
  84  7:01  Roach x2  
  90  7:05  Overlord  
  90  7:13  Overlord  
  90  7:16  Overlord  
  90  7:23  Zerg Missile Weapons Level 1, Overlord  
  90  7:30  Overlord  
  90  7:32  Roach x4  
  98  7:43  Overlord  
  92  7:44  Roach  
  94  7:51  Spine Crawler  
  94  7:52  Roach, Spine Crawler  
  94  7:53  Roach, Spine Crawler  
  93  7:59  Roach x2  
  93  8:01  Ravager  
  93  8:02  Spine Crawler, Ravager x3  
  100  8:05  Overlord  
  100  8:07  Roach  
  100  8:08  Roach x2  
  106  8:13  Zergling x4  
  106  8:14  Zergling x2  
  106  8:16  Overlord  
  106  8:18  Extractor  
  102  8:29  Roach x4  
  100  8:35  Roach x2  
  100  8:41  Roach x2, Zergling x4  
  83  8:42  Zergling x8  
  89  8:51  Roach x4  
  97  8:56  Extractor  
  97  8:57  Queen  
  97  8:59  Roach x3  
  97  9:01  Roach  
  106  9:03  Roach  
  106  9:06  Roach  
  110  9:11  Roach  
  110  9:12  Roach  
  110  9:13  Zergling x10  
  119  9:27  Zergling x12  
  119  9:31  Ravager x3  
  128  9:37  Zergling x12  
  133  9:53  Zergling x6  
  133  9:57  Zergling x2  
  133  9:58  Zergling x8  
  134  10:00  Ravager x5  
  134  10:05  Zergling x2  
  134  10:06  Zergling x12  
  146  10:08  Ravager  
  146  10:11  Zergling x4  
  149  10:19  Zergling x2  
  149  10:20  Zergling x2  
  147  10:22  Zergling x2  
  147  10:27  Zergling x6  
  146  10:31  Zergling x4  
  146  10:33  Ravager x5  
  152  10:36  Zergling x6  
  148  10:43  Zergling x4  
  148  10:48  Zergling x2  
  137  10:57  Zergling x4  
  137  11:00  Zergling x2  
  137  11:02  Zergling x8  
  132  11:09  Zergling x2  
  132  11:10  Zergling x12  
  135  11:11  Ravager  
  135  11:12  Ravager x3  
  135  11:17  Zergling x2  
  136  11:22  Zergling x6  
  130  11:31  Zergling x10  
  129  11:36  Ravager x6  
  129  11:37  Overseer  
  135  11:41  Zergling x6  
  135  11:43  Zergling x4  
  135  11:44  Zergling x2  
  135  11:45  Zergling x6  
  135  11:46  Zergling x2  
  145  11:56  Zergling x2  
  145  11:57  Overlord x2  
  136  12:03  Zergling x2  
  129  12:09  Zergling x2  
  129  12:10  Zergling x2  
  129  12:15  Zergling x8  
  118  12:19  Zergling x4  
  107  12:24  Zergling x2  
  102  12:34  Zergling x4  
  102  12:36  Zergling x2  
  103  12:40  Zergling x4  
  101  12:49  Zergling x2  
  102  12:54  Zergling x4  
  104  13:03  Overseer, Spine Crawler x2  
  104  13:04  Spine Crawler  
  104  13:05  Zergling x6  
  104  13:10  Zergling x2  
  102  13:13  Spire  
  102  13:17  Roach x2  
  106  13:20  Roach x3  
  106  13:26  Roach x2  
  108  13:31  Roach  
  108  13:34  Roach x2  
  105  13:42  Roach  
  105  13:46  Roach x2  
  93  13:58  Zergling x6  
  95  14:03  Ravager  
Tags
 
Add a new tag
Caveats
  • Supply blocks, unpowered buildings, or Contaminate may cause inaccurate times.
  • Supply counts are checked every 10 seconds.